 Dungeon Crawl Stone Soup version 0.31-a0-1522-g43313d8a59 (webtiles) character file.

Game seed: 14079976522308878521

284 Zonian the Ducker (level 6, 0/32 HPs)
             Began as a Felid Shapeshifter on Dec 30, 2023.
             Splashed by a jelly's acid (4 damage)
             ... on level 3 of the Dungeon.
             The game lasted 00:12:45 (4899 turns).

Zonian the Ducker (Felid Shapeshifter)              Turns: 4899, Time: 00:12:46

Health: 0/32       AC: -22   Str: 12    XL:     6   Next: 7%
Magic:  7/7        EV: 19    Int: 13    God:
Gold:   126        SH:  0    Dex: 16    Spells: 5/5 levels left
                                        Lives:  0   Deaths: 2

rFire   x .          .
                       - Unarmed
rCold   + . .        (shield unavailable)
rNeg    . . .        (body armour unavailable)
rPois   .            (helmet unavailable)
rElec   .            (cloak unavailable)
rCorr   .            (gloves unavailable)
SInv    +            (boots unavailable)
Will    .....        (no amulet)
Stlth   +            h - ring of ice
HPRegen 0.25/turn    (no ring)
MPRegen 0.10/turn

%: no passive effects
@: beast-form, corroded
A: beast (slay +2), very small, claws 1, fangs 3, see invisible, shaggy fur 2,
stealthy paws, no weapons or thrown items, no armour, multi-lived
a: Begin Untransformation


You were on level 3 of the Dungeon.
You were a hulking beast.
You visited 1 branch of the dungeon, and saw 4 of its levels.

You collected 126 gold pieces.


Innate Abilities, Weirdness & Mutations

You are a hulking beast.
Your limbs bulge with bestial killing power. (Slay +2)
You have sharp claws.
You have razor-sharp teeth.
You have supernaturally acute eyesight. (SInv)
You are covered in thick fur. (AC +2)
Your paws help you pounce on unaware monsters.
You are incapable of wielding weapons or throwing items.
You cannot wear armour.
You gain extra lives every three experience levels.


   Skills:
 + Level 3.0 Fighting
 + Level 4.7 Dodging
 + Level 4.2 Unarmed Combat
 + Level 3.7 Shapeshifting


You had 5 spell levels left.
You didn't know any spells.
Your spell library contained the following spells:

 Spells                   Type           Power      Damage    Failure   Level
 Iskenderun's Battlesphe  Conj           0%         2d6       100%        5
 Bombard                  Conj/Erth      0%         9d1       100%        6
 Spellforged Servitor     Conj/Summ      0%         N/A       100%        7

Inventory:

Jewellery
 h - a ring of ice (left paw)
   (You found it on level 2 of the Dungeon)
Talismans
 b - a beast talisman
 c - a flux talisman
Scrolls
 d - a scroll of fog
 f - a scroll of enchant armour
Potions
 a - a potion of ambrosia

Dungeon Overview and Level Annotations

Branches:
Dungeon (4/15) Zot: 26639
 Temple: D:4-7

Altars:
Makhleb
Xom

Annotations:
D:3 Ijyb

######
#....###
#......#
#....#h#
#....#J####
#....#....##
#
####.#.##..#
# #....##.#
# ###..##.##
# #..##..# #
#..###.## #
#?.# #..## #


You could see a jelly.


Message History

An orc comes into view. It is wielding a +0 morningstar.
There is a stone staircase leading up here.
You see here a +0 whip {mace}.
Unknown command.
You scratch the jelly but do no damage.
Your paws burn!
The jelly hits you. The acid corrodes you!
You are splashed with acid! 😮 HP[-13]
You take 13 damage, and now have 19/32 hp.
MASSIVE DAMAGE!! (PAUSE)
The orc shouts!
You scratch the jelly but do no damage.
Your paws burn!
* * * LOW HITPOINT WARNING * * *
The jelly jiggles.
The jelly hits you.
* * * LOW HITPOINT WARNING * * *
The acid corrodes you!
You are splashed with acid!
* * * LOW HITPOINT WARNING * * *
😱 HP[-14]
You take 14 damage, and now have 5/32 hp.
MASSIVE DAMAGE!! (PAUSE)
You scratch the jelly but do no damage.
Your paws burn!
* * * LOW HITPOINT WARNING * * *
The jelly completely misses you. 😱 HP[-1]
You take 1 damage, and now have 4/32 hp.
Unknown command.
You claw the jelly!
Your paws burn!
* * * LOW HITPOINT WARNING * * *
The jelly misses you. 😱 HP[-3]
You take 3 damage, and now have 1/32 hp.
Unknown command.
You feel much better. The jelly hits you. The acid corrodes you!
You are splashed with acid! 😮 HP[+18]
You regained 18 hp, and now have 19/32 hp.
Unknown command.
You completely miss the jelly.
The jelly completely misses you. 😮 HP[+1] Unknown command.
The jelly closely misses you.
You climb upwards.
Level annotation: Ijyb
There is a stone staircase leading down, spattered with blood here.
Items here: )) [ †.
Unknown command.
You scratch the jelly but do no damage.
Your paws burn!
The jelly closely misses you. 😮 HP[-2]
You take 2 damage, and now have 18/32 hp.
You scratch the jelly. The acid corrodes you!
Your paws burn!
* * * LOW HITPOINT WARNING * * *
The jelly misses you. 😨 HP[-3]
You take 3 damage, and now have 15/32 hp.
Unknown command.
You scratch the jelly but do no damage. The acid corrodes you!
Your paws burn!
* * * LOW HITPOINT WARNING * * *
The jelly hits you.
* * * LOW HITPOINT WARNING * * *
You are splashed with acid!
* * * LOW HITPOINT WARNING * * *
😱 HP[-13]
You take 13 damage, and now have 2/32 hp.
MASSIVE DAMAGE!! (PAUSE)
You feel much better. The jelly barely misses you. 😕 HP[+25]
You regained 25 hp, and now have 27/32 hp.
Unknown command.
You scratch the jelly but do no damage.
Your paws burn!
You bite the jelly, but do no damage. The jelly hits you.
The acid corrodes you!
You are splashed with acid. 😮 HP[-8]
You take 8 damage, and now have 19/32 hp.
MASSIVE DAMAGE!! (PAUSE)
You scratch the jelly but do no damage.
Your paws burn!
* * * LOW HITPOINT WARNING * * *
The jelly hits you.
* * * LOW HITPOINT WARNING * * *
The acid corrodes you!
You are splashed with acid!
* * * LOW HITPOINT WARNING * * *
😱 HP[-14]
You take 14 damage, and now have 5/32 hp.
MASSIVE DAMAGE!! (PAUSE)
You feel better. The jelly misses you. 😨 HP[+5]
You regained 5 hp, and now have 10/32 hp.
Unknown command.
You scratch the jelly but do no damage.
Your paws burn!
* * * LOW HITPOINT WARNING * * *
😱 HP[-4]
You take 4 damage, and now have 6/32 hp.
You scratch the jelly but do no damage.
Your paws burn!
* * * LOW HITPOINT WARNING * * *
The jelly barely misses you. 😱 HP[-2]
You take 2 damage, and now have 4/32 hp.
Unknown command.
You scratch the jelly but do no damage.
Your paws burn!
You die...

Skill      XL: |  1  2  3  4 |
---------------+-------------+-----
Dodging        | 3 4 |  4.7
Shapeshifting  | 3 |  3.7
Fighting       | 2 3 |  3.0
Unarmed Combat | 4 |  4.2

Action                     |  1- 3 |  4- 6 || total
---------------------------+-------+-------++-------
  Melee: Unarmed           |    82 |   101 ||   183
         Bite              |    10 |     9 ||    19
         Punch             |     2 |     2 ||     4
    Use: Potion            |     2 |     3 ||     5
         Scroll            |       |    12 ||    12
   Stab: Sleeping          |     1 |     1 ||     2
 Armour: Skin              |    30 |    24 ||    54
  Dodge: Dodged            |    74 |    89 ||   163

Levels and vault maps discovered:
D:1:      mrwooster_arrival_arrow, layout_basic, minmay_misc_feat_room
D:2:      minmay_general_purpose_star, layout_basic, basic_altar, st_stairs_14
D:3:      layout_basic, dk_noncrumbling_3, uniq_ijyb
D:4:      layout_cave_pools, amcnicky_altar_gilded, xom_teletrap_fun,
          uniq_eustachio

Notes
Turn   | Place    | Note
-------+----------+-------------------------------------------
     0 | D:1      | Zonian the Felid Shapeshifter began the quest for the Orb.
     0 | D:1      | Reached XP level 1. HP: 10/10 MP: 2/2
     0 | D:1      | magus.rc [v1.9.6]
   194 | D:1      | Reached skill level 3 in Dodging
   224 | D:1      | Slain by a gnoll
   224 | D:1      | Lost a life (0 lives remaining)
   237 | D:1      | Reached XP level 2. HP: 14/14 MP: 3/3
   749 | D:2      | Reached skill level 3 in Shapeshifting
   749 | D:2      | Reached XP level 3. HP: 9/18 MP: 4/4
  1535 | D:2      | Reached skill level 2 in Fighting
  1584 | D:2      | Found a burning altar of Makhleb.
  1755 | D:2      | Reached XP level 4. HP: 13/23 MP: 5/5
  1755 | D:2      | Gained a life (1 life remaining)
  2771 | D:3      | Noticed Ijyb
  3629 | D:3      | Reached skill level 4 in Dodging
  3680 | D:3      | You pick up a book of Power and begin reading...
  3680 | D:3      | You add the spells Iskenderun's Battlesphere, Bombard and
                  | Spellforged Servitor to your library.
  3995 | D:4      | Noticed a scorpion
  3995 | D:4      | Found a shimmering altar of Xom.
  4198 | D:4      | Noticed Eustachio
  4537 | D:3      | HP: 4/23 [constriction (2)]
  4538 | D:3      | Constricted to death by Ijyb
  4538 | D:3      | Lost a life (0 lives remaining)
  4559 | D:4      | Killed Eustachio
  4560 | D:4      | Reached skill level 3 in Fighting
  4560 | D:4      | Reached skill level 4 in Unarmed Combat
  4560 | D:4      | Reached XP level 5. HP: 28/28 MP: 6/6
  4560 | D:4      | Gained mutation: You are covered in thick fur. (AC +2)
                  | [Felid growth]
  4560 | D:4      | Reached XP level 6. HP: 32/32 MP: 7/7
  4883 | D:4      | HP: 5/32 [acid (8)]
  4885 | D:4      | HP: 1/32 [acid (3)]
  4892 | D:3      | HP: 2/32 [acid (9)]
  4897 | D:3      | HP: 6/32 [acid (4)]
  4899 | D:3      | Splashed by a jelly's acid

Vanquished Creatures
  Eustachio (D:4)
  A gnoll (D:1)
  6 adders
  A dart slug (D:2)
  3 ribbon worms
  9 orcs
  7 ball pythons
  7 bats
  7 endoplasms
  2 giant cockroaches (D:2)
  5 goblins
  5 hobgoblins
  5 kobolds
  3 frilled lizards
  5 rats
67 creatures vanquished.

Table legend:
 A = Non-vault XP
 B = Vault XP
 C = Vault XP percentage of total XP
 D = Non-vault monster count
 E = Vault monster count
 F = Vault count percentage of total count
                 A         B        C        D         E       F
            +---------+---------+-------+---------+---------+-------
      Total |     193 |     213 |  52.5 |      63 |       4 |   6.0
            +---------+---------+-------+---------+---------+-------
        D:1 |      34 |       0 |   0.0 |      13 |       0 |   0.0
        D:2 |      70 |      16 |  18.6 |      27 |       3 |  10.0
        D:3 |      71 |       0 |   0.0 |      20 |       0 |   0.0
        D:4 |      18 |     197 |  91.6 |       3 |       1 |  25.0
            +---------+---------+-------+---------+---------+-------

Skill      XL: |  1  2  3  4 |
---------------+-------------+-----
Dodging        | 3 4 |  4.7
Shapeshifting  | 3 |  3.7
Fighting       | 2 3 |  3.0
Unarmed Combat | 4 |  4.2

Action                     |  1- 3 |  4- 6 || total
---------------------------+-------+-------++-------
  Melee: Unarmed           |    82 |   101 ||   183
         Bite              |    10 |     9 ||    19
         Punch             |     2 |     2 ||     4
    Use: Potion            |     2 |     3 ||     5
         Scroll            |       |    12 ||    12
   Stab: Sleeping          |     1 |     1 ||     2
 Armour: Skin              |    30 |    24 ||    54
  Dodge: Dodged            |    74 |    89 ||   163

Illustrated notes

Table legend:
 A = Kills in this place as a percentage of kills in the entire game.
 B = Kills by you in this place as a percentage of kills by you in the entire game.
 C = Kills by friends in this place as a percentage of kills by friends in the entire game.
 D = Other kills in this place as a percentage of other kills in the entire game.
 E = Experience gained in this place as a percentage of experience gained in the entire game.
 F = Experience gained in this place divided by the number of levels of this place that you have seen.
                   A       B       C       D       E      F
               +-------+-------+-------+-------+-------+----------------------
         Total | 100.0 | 100.0 |   N/A |   N/A | 100.0 | 101.5
       Dungeon | 100.0 | 100.0 |   N/A |   N/A | 100.0 | 101.5
               +-------+-------+-------+-------+-------+----------------------

Table legend: (Time is in decaauts)
 A = Elapsed time spent in this place.
 B = Non-inter-level travel time spent in this place.
 C = Inter-level travel time spent in this place.
 D = Time resting spent in this place.
 E = Time spent auto-exploring this place.
 F = Levels seen in this place.
 G = Mean time per level.
                   A        B        C        D        E       F      G
               +--------+--------+--------+--------+--------+-----+--------+
         Total |   4893 |   4630 |    263 |   1825 |   1860 |   4 | 1223.2 |
       Dungeon |   4893 |   4630 |    263 |   1825 |   1860 |   4 | 1223.2 |
               +--------+--------+--------+--------+--------+-----+--------+

Top non-repeatable levels by time:
     D:3: 1922 daAuts
     D:2: 1865 daAuts
     D:1: 827 daAuts
     D:4: 278 daAuts
